Arrhythmia, chaotic female vampiric Wizard --------- -------- ###########################################-.......| |.......# #--------------------------------- # |.......| |.....@|# #|...............................| ##........| |.....@|# #|.----....-----.-----|-..-----..| |.......| |.....h|# #|.|..|---.|...|.-..|..|..|(((|..| -.------- |.......# #|.|..|..|.|._.-.|..|..|..|(((|..| # --------### #|.--||..|.|.(%|.--------.|...|..-# # # # #|....|..|.|...|....|.//|.--|--..|# # " ### #|.{..-|--.----|....-.//|........|# ### # # #|...?......-..|-|-.-----..-----.|# # ### ### #|....--|-..|..|..|........-.%%|.|# --------.- #-------## #|.-|-|..|.----|..||---....|.%%|.|# |..^.....| #......-#####|.|..|..|.[..!|--|...----.-----.|####.........| ....+.| ### |.|..|---.|.+?|..|...| |.......| # |........| .^>=..| # |.|..|....|..?|..|...| +.......| ##-........| ......| ##..----....------|--------.....{.| |........| ----.-- |...............................| |........| --------------------------------- ---------- Arrhythmia the Thaumaturge Experience level: 9 Strength: 11 Dexterity: 5 Constitution: 17 Intelligence: 18 Wisdom: 10 Charisma: 13 Health: 0(75) Energy: 125(125) AC: -1 Gold: 491 Moves: 6993 Your Inventory: Coins $ - 491 gold pieces Armor b - an uncursed rotted +0 cloak of magic resistance (being worn) o - an [uncursed] +0 white-handed shield [Uruk-hai] (being worn) r - a [blessed] +0 pair of leather gloves (being worn) s - an [uncursed] +0 pair of high boots (being worn) z - an [uncursed] +0 hard hat [dwarvish iron helm] (being worn) J - an [uncursed] +0 pair of boots called Notkicky [kicking] N - an [uncursed] +0 Hawaiian shirt (being worn) S - an [uncursed] +0 elven mithril-coat (being worn) Comestibles d - an [uncursed] Hyper Futa Mare Dick named Lewdprincess' Companion D - an [uncursed] Hyper Futa Mare Dick named Sun's Spear Potions f - 3 uncursed potions of water g - an uncursed potion of speed Rings e - an uncursed ring of slow digestion (on right hand) n - a blessed +1 ring of increase damage Wands c - an uncursed wand of make invisible (0:5) k - an [uncursed] wand of digging [0:6] t - an [uncursed] wand of magic missile [0:4] v - an [uncursed] wand of magic missile [0:6] Tools a - an [uncursed] stethoscope j - an [uncursed] looking glass [mirror] u - an [uncursed +0] pick-axe x - a [cursed oil] lamp called Reggie y - an [uncursed tallow] candle U - an [uncursed] credit card V - an [uncursed] tin whistle Gems X - an [uncursed] black gem [worthless glass] Y - an [uncursed] violet gem [worthless glass] Spells known in the end: Name Level Category Fail Memory a - force bolt 1 attack 100% [||||||..] b - detect monsters 1 divination 100% [||||||..] Your skills at the end: Fighting Skills Weapon Skills quarterstaff [Basic / Expert] Spellcasting Skills attack spells [Basic / Expert] enchantment spells [Basic / Skilled] Final Attributes: You were devoutly aligned. Hunger level was 1358. Your alignment was 15 / 44. Monster difficulty range was 1 - 8. Level difficulty was 8. You were immune to level-drain. You were magic-protected. You were hallucinating. You could fly. You could survive without air. You had slower digestion. You regenerated. Your luck was zero. Anhur was angry with you (1). You are dead. Vanquished creatures: 2 small mimics 2 tengu an elf mummy a watchman a chameleon a quivering blob 2 winter wolf cubs a panther 3 leprechauns 3 giant spiders a vampire bat a brown pudding a dog a dwarf lord a gray unicorn a raven 2 snow ants an imp 4 Mordor orcs 5 Uruk-hai a rock mole a violet fungus 8 gnome lords 2 gnomish wizards a ghoul a straw golem a giant ant a little dog 2 kittens 10 dwarves 2 kobold lords 3 rothes a giant bat a dwarf zombie 2 werejackals 2 iguanas a gas spore 3 hobbits 6 giant rats 44 gnomes 21 garter snakes 2 gnome zombies 3 geckos 14 jackals 2 kobolds 3 goblins 2 sewer rats 6 grid bugs 3 bats 5 lichens 3 kobold zombies a newt and a partridge in a pear tree 193 creatures vanquished. Voluntary challenges: You were an atheist. You went without food. You were illiterate. You never hit with a wielded weapon. You put on armor 25 times. You never genocided any monsters. You never polymorphed an object. You never changed form. You used no wishes. You abstained from Elbereth's help. You never encountered a bones level. You never used any Sokoban shortcuts. Dungeon overview: The Dungeons of Doom: levels 1 to 4 Level 1 some fountains a long staircase Level 2 some fountains Level 3 an armor shop, a fountain Level 4 stairs to The Gnomish Mines The Gnomish Mines: levels 5 to 9 Level 5 stairs to The Dungeons of Doom Level 8 <- You were here many shops, a temple, a magic chest, some fountains History has recorded: On T:1 you entered the Dungeons of Doom to retrieve the Amulet of Yendor! On T:363 you advanced to experience level 2. On T:557 you reached level 2 of The Dungeons of Doom. On T:642 you advanced to experience level 3. On T:932 you reached level 3 of The Dungeons of Doom. On T:980 you advanced to experience level 4. On T:1283 you advanced to experience level 5. On T:2168 you reached level 4 of The Dungeons of Doom. On T:2242 you advanced to experience level 6. On T:2651 you reached level 1 of The Gnomish Mines. On T:2666 you advanced to experience level 7. On T:3139 you reached level 2 of The Gnomish Mines. On T:3409 you advanced to experience level 8. On T:3756 you reached level 3 of The Gnomish Mines. On T:4807 you reached level 4 of The Gnomish Mines. On T:5199 you advanced to experience level 9. On T:5732 you reached level 5 of The Gnomish Mines. Latest messages: The freezing sphere hits! The baby tatzelworm misses. The tatzelwurm just misses! The sewer rat hits! The red naga bites! The barbed devil hits! [HP-20=25] You hit the aligned parasite. You bite the Angel. The mind flayer hits! The aligned parquet bites! The baby crochet misses. [HP-13=12] You miss the hell hound pun. You bite the black pudding. The Archon hits! The centipede just misses! The Y2K bug misses. The Strong Bad misses. The dwarf king bites! The baby caricature hits! You die... Final status: Goodbye Arrhythmia the Wizard... You died in The Gnomish Mines on dungeon level 8 with 7556 points, and 491 pieces of gold, after 6993 moves. You were level 9 with a maximum of 75 hit points when you died.